 Dungeon Crawl Stone Soup version 0.26.1-10-gdfb7c7de75 (webtiles) character file.

Game seed: 8342838970546684930

486 Almogavar the Magician (level 7, -1/50 HPs)
             Began as a Gnoll Wanderer on Apr 1, 2021.
             Killed from afar by a white imp (7 damage)
             ... with a puff of frost
             ... on level 5 of the Dungeon.
             The game lasted 00:19:16 (5615 turns).

Almogavar the Magician (Gnoll Wanderer)             Turns: 5615, Time: 00:19:17

Health: -1/50      AC:  4    Str: 13    XL:     7   Next: 13%
Magic:  17/18      EV: 12    Int: 16    God:
Gold:   267        SH:  5    Dex: 16    Spells: 17/21 levels left

rFire    . . .     SeeInvis .   a - +0 dagger
rCold    . . .     Faith    .   i - +0 buckler
rNeg     . . .     Spirit   .   g - +0 leather armour
rPois    .         Reflect  .   v - +0 hat
rElec    .         Harm     .   (no cloak)
rCorr    .         Rampage  .   (no gloves)
Will     .....                  o - +0 pair of boots
Stlth    ++........             (no amulet)
HPRegen  0.16/turn              m - ring of wizardry
MPRegen  0.16/turn              (no ring)

@: no status effects
A: distributed training, fangs 1, strong nose
a: no special abilities


You were on level 5 of the Dungeon.
You visited 1 branch of the dungeon, and saw 5 of its levels.

You collected 267 gold pieces.

Inventory:

Hand Weapons
 a - a +0 dagger (weapon)
Missiles
 u - 13 poisoned darts (quivered)
Armour
 d - a +0 kite shield
 g - a +0 leather armour (worn)
 i - a +0 buckler (worn)
 j - a +0 ring mail
 o - a +0 pair of boots (worn)
 p - a +0 chain mail
 v - a +0 hat (worn)
 x - a +0 scale mail
Jewellery
 m - a ring of wizardry (left hand)
Wands
 f - a wand of flame (25)
Scrolls
 b - a scroll of enchant weapon
 c - 5 scrolls of remove curse {unknown}
 h - a scroll of teleportation {unknown}
 k - a scroll of amnesia
 n - a scroll of blinking {unknown}
 s - a scroll of random uselessness {unknown}
Potions
 e - 3 potions of haste
 l - 2 potions of heal wounds {unknown}
 q - a potion of might
 r - a potion of magic {unknown}
 t - a potion of berserk rage {unknown}
 w - a potion of cancellation {unknown}
 z - a potion of ambrosia {unknown}
 A - a potion of brilliance {unknown}


   Skills:
 + Level 2.3 Fighting
 + Level 2.3 Short Blades
 + Level 2.3 Long Blades
 + Level 2.3 Axes
 + Level 2.3 Maces & Flails
 + Level 2.3 Polearms
 + Level 2.3 Staves
 + Level 2.3 Slings
 + Level 2.3 Bows
 + Level 2.3 Crossbows
 + Level 2.3 Throwing
 + Level 2.3 Armour
 + Level 2.3 Dodging
 + Level 2.3 Stealth
 + Level 5.1 Shields
 + Level 2.3 Unarmed Combat
 + Level 7.5 Spellcasting
 + Level 1.8 Conjurations
 + Level 4.2 Hexes
 + Level 1.8 Summonings
 + Level 4.2 Necromancy
 + Level 1.8 Translocations
 + Level 2.8 Transmutations
 + Level 1.8 Fire Magic
 + Level 1.8 Ice Magic
 + Level 1.8 Air Magic
 + Level 1.8 Earth Magic
 + Level 1.8 Poison Magic
 + Level 2.5 Invocations
 + Level 2.3 Evocations


You had 17 spell levels left.
You knew the following spells:

 Your Spells              Type           Power        Failure   Level
a - Sting                 Tmut/Pois      52%          2%          1
b - Tukima's Dance        Hex            19%          3%          3

Your spell library contained the following spells:

 Spells                   Type           Power        Failure   Level
 Corona                   Hex            21%          1%          1
 Ensorcelled Hibernation  Hex/Ice        30%          2%          2
 Confusing Touch          Hex            19%          3%          3
 Dazzling Flash           Conj/Hex       30%          5%          3
 Mephitic Cloud           Conj/Pois/Air  12%          9%          3


Dungeon Overview and Level Annotations

Branches:
Dungeon (5/15)
 Temple: D:4-7

Altars:
Hepliaklqana


Innate Abilities, Weirdness & Mutations

Your experience applies equally to all skills.
You have very sharp teeth.
Your uncanny sense of smell can sniff out nearby items.


Message History

* * * LOW HITPOINT WARNING * * *
You hit the white imp but do no damage.
You bite the white imp, but do no damage.
The white imp is severely wounded.
The white imp hits you.
* * * LOW HITPOINT WARNING * * *
The white imp freezes you.
* * * LOW HITPOINT WARNING * * *
Casting: Tukima's Dance (dangerous; 3% risk of failure)
Confirm with . or Enter, or press ? or * to list all spells.
Aiming: Sting (safe; 2% risk of failure)
Press: ? - help, Shift-Dir - straight line, f - white imp
Aim: a white imp (severely wounded, 29% to evade)
The sting hits the white imp.
The white imp partially resists.
The white imp is poisoned.
The white imp is severely wounded.
The white imp misses you. The white imp gestures at you.
The puff of frost hits you!
You die...

##### ##....####
.........####
............##
........>....##
......5.@.....#
..............##
...............##
.................##
...................#
...................##
...................#
#................##
#..............##


You could see a white imp (poisoned).

Vanquished Creatures
  A necrophage (D:4)
  An ogre (D:4)
  A bullfrog zombie (D:5)
  A jelly (D:5)
  A centaur skeleton (D:4)
  A hound (D:4)
  A worker ant (D:3)
  Terence (D:2)
  An iguana (D:4)
  3 adders
  2 white imps (D:5)
  An ooze (D:3)
  An adder skeleton (D:4)
  4 worms
  A dart slug (D:3)
  5 bats
  A giant cockroach (D:2)
  4 goblins
  7 hobgoblins
  8 jackals
  11 kobolds
  5 quokkas
  4 frilled lizards
  6 rats
72 creatures vanquished.

Vanquished Creatures (others)
  7 plants (D:1)
7 creatures vanquished.

Grand Total: 79 creatures vanquished

Notes
Turn   | Place    | Note
-------+----------+-------------------------------------------
     0 | D:1      | Almogavar the Gnoll Wanderer began the quest for the Orb.
     0 | D:1      | Almogavar set off with the following items: a +0 dagger, a
                  | +0 robe, a +0 kite shield; and the following spell
                  | memorised: Sting; and the following spells available to
                  | memorise: Mephitic Cloud
     0 | D:1      | Reached XP level 1. HP: 13/13 MP: 8/8
   200 | D:1      | Reached XP level 2. HP: 13/19 MP: 10/10
  1298 | D:2      | Reached XP level 3. HP: 24/25 MP: 11/11
  1364 | D:2      | Noticed Terence
  1399 | D:2      | Killed Terence
  1400 | D:2      | Reached skill level 1 in Fighting
  1400 | D:2      | Reached skill level 1 in Short Blades
  1400 | D:2      | Reached skill level 1 in Long Blades
  1400 | D:2      | Reached skill level 1 in Axes
  1400 | D:2      | Reached skill level 1 in Maces & Flails
  1400 | D:2      | Reached skill level 1 in Polearms
  1400 | D:2      | Reached skill level 1 in Staves
  1400 | D:2      | Reached skill level 1 in Slings
  1400 | D:2      | Reached skill level 1 in Bows
  1400 | D:2      | Reached skill level 1 in Crossbows
  1400 | D:2      | Reached skill level 1 in Throwing
  1400 | D:2      | Reached skill level 1 in Armour
  1400 | D:2      | Reached skill level 1 in Dodging
  1400 | D:2      | Reached skill level 1 in Stealth
  1400 | D:2      | Reached skill level 1 in Unarmed Combat
  1400 | D:2      | Reached skill level 1 in Invocations
  1400 | D:2      | Reached skill level 1 in Evocations
  1688 | D:2      | Reached XP level 4. HP: 30/32 MP: 4/13
  2491 | D:3      | Reached skill level 1 in Conjurations
  2491 | D:3      | Reached skill level 1 in Summonings
  2491 | D:3      | Reached skill level 1 in Translocations
  2491 | D:3      | Reached skill level 1 in Fire Magic
  2491 | D:3      | Reached skill level 1 in Ice Magic
  2491 | D:3      | Reached skill level 1 in Air Magic
  2491 | D:3      | Reached skill level 1 in Earth Magic
  2491 | D:3      | Reached skill level 1 in Poison Magic
  2556 | D:3      | Found a hazy altar of Hepliaklqana.
  2873 | D:3      | Reached XP level 5. HP: 29/37 MP: 11/14
  2997 | D:3      | Found a faded altar of an unknown god.
  3730 | D:4      | Noticed a necrophage
  3771 | D:4      | Killed a necrophage
  3772 | D:4      | Reached XP level 6. HP: 14/44 MP: 14/16
  4232 | D:4      | Reached skill level 5 in Shields
  5136 | D:5      | Entered Level 5 of the Dungeon
  5242 | D:5      | Reached XP level 7. HP: 37/50 MP: 15/18
  5597 | D:5      | Learned a level 3 spell: Tukima's Dance
  5615 | D:5      | Killed from afar by a white imp

Illustrated notes

Levels and vault maps discovered:
D:1:      roderic_crop_circles_arrival_small, layout_loops_ring
D:2:      layout_loops_cross, uniq_terence
D:3:      layout_loops_ring, nzn_hepliaklqana_mist_gate,
          chequers_ecumenical_altar_island, minivault_11
D:4:      layout_layer_cave
D:5:      layout_cave_pods, nicolae_ru_path_of_blood

Skill      XL: |  1  2  3  4  5  6 |
---------------+-------------------+-----
Transmutations | 2 |  2.8
Fighting       | 1 2 |  2.3
Short Blades   | 1 2 |  2.3
Long Blades    | 1 2 |  2.3
Axes           | 1 2 |  2.3
Maces & Flails | 1 2 |  2.3
Polearms       | 1 2 |  2.3
Staves         | 1 2 |  2.3
Slings         | 1 2 |  2.3
Bows           | 1 2 |  2.3
Crossbows      | 1 2 |  2.3
Throwing       | 1 2 |  2.3
Armour         | 1 2 |  2.3
Dodging        | 1 2 |  2.3
Stealth        | 1 2 |  2.3
Unarmed Combat | 1 2 |  2.3
Invocations    | 1 2 |  2.5
Evocations     | 1 2 |  2.3
Conjurations   | 1 |  1.8
Summonings     | 1 |  1.8
Translocations | 1 |  1.8
Fire Magic     | 1 |  1.8
Ice Magic      | 1 |  1.8
Air Magic      | 1 |  1.8
Earth Magic    | 1 |  1.8
Poison Magic   | 1 |  1.8
Hexes          | 4 |  4.2
Necromancy     | 4 |  4.2
Shields        | 5 |  5.1
Spellcasting   | |  7.5

Action                   |  1- 3 |  4- 6 |  7- 9 || total
-------------------------+-------+-------+-------++-------
Melee: Dagger            |   115 |   134 |    51 ||   300
       Bite              |     6 |    17 |    11 ||    34
Throw: Dart              |       |    38 |     1 ||    39
 Cast: Sting             |    29 |    60 |     8 ||    97
  Use: Scroll            |     3 |     4 |       ||     7
       Potion            |       |     3 |       ||     3
 Stab: Sleeping          |     1 |     1 |       ||     2
Armor: Robe              |    12 |       |       ||    12
       Leather armour    |    14 |    20 |    12 ||    46
Dodge: Dodged            |    59 |    71 |    27 ||   157
Block: Kite shield       |    42 |       |       ||    42
       Buckler           |    13 |    23 |     8 ||    44
